 Dungeon Crawl Stone Soup version 0.19.4-12-gccf7e64 (webtiles) character file.

130 Magnus the Gusty (level 5, -7/28 HPs)
             Began as a Tengu Air Elementalist on Feb 26, 2017.
             Mangled by a bullfrog (9 damage)
             ... in a sewer.
             The game lasted 00:08:37 (2606 turns).

Magnus the Gusty (Tengu Air Elementalist)           Turns: 2606, Time: 00:08:37

Health: -7/28      AC:  2    Str:  9    XL:     5   Next: 13%
Magic:  6/10       EV: 15    Int: 16    God:
Gold:   139        SH:  0    Dex: 14    Spells: 3 memorised, 5 levels left

rFire  . . .     SeeInvis .     (no weapon)
rCold  . . .     Gourm    .     a - +0 robe
rNeg   . . .     Faith    .     (no shield)
rPois  .         Spirit   .     (helmet restricted)
rElec  .         Reflect  .     (no cloak)
rCorr  .         Harm     .     (no gloves)
MR     .....                    (boots unavailable)
Stlth  ++........               (no amulet)
                                (no ring)
                                (no ring)

@: flying quickly and evasively, repel missiles, quick
A: beak, talons 3, able to fly 1
a: no special abilities


You were in a sewer.
You were hungry.

You visited 1 branch of the dungeon, and saw 3 of its levels.
You also visited: Sewer.

You collected 139 gold pieces.

Inventory:

Armour
 a - a +0 robe (worn)
 q - a cursed +0 leather armour
Jewellery
 d - an uncursed ring of see invisible {unknown}
Scrolls
 k - 3 scrolls of recharging {unknown}
 m - a scroll of teleportation {unknown}
 o - 3 scrolls of identify {unknown}
Potions
 e - a potion of invisibility {unknown}
 f - 2 potions of haste {unknown}
 g - 2 potions of cure mutation {unknown}
 h - a potion of agility {unknown}
 l - a potion of heal wounds {unknown}
 n - 4 potions of curing {unknown}
Books
 b - a book of Air

   Spells                             Type                      Level
   a - Shock                          Conjuration/Air              1
   b - Swiftness                      Charms/Air                   2
   c - Repel Missiles                 Charms/Air                   2
   d - Static Discharge               Conjuration/Air              3
   e - Lightning Bolt                 Conjuration/Air              5
Comestibles
 c - 2 bread rations
 i - 2 fruits
 j - a beef jerky
 p - a meat ration


   Skills:
 - Level 2.1 Dodging
 - Level 2.0 Stealth
 + Level 3.0 Spellcasting
 + Level 4.0 Conjurations
 + Level 5.4 Air Magic


You had 5 spell levels left.
You knew the following spells:

 Your Spells              Type           Power        Failure   Level  Hunger
a - Shock                 Conj/Air       ###.         3%          1    #......
b - Repel Missiles        Chrm/Air       ##....       12%         2    ##.....
c - Swiftness             Chrm/Air       ##......     12%         2    ##.....


Dungeon Overview and Level Annotations

Branches:
Dungeon (3/15)

Altars:


Innate Abilities, Weirdness & Mutations

You have a beak for a mouth.
You have claws for feet.
You can fly.


Message History

Moving in this stuff is going to be slow.
The bullfrog barely misses you. The bullfrog hits you!
The bullfrog closely misses you.
The bullfrog hits you but does no damage.
The bullfrog hits you. The bullfrog closely misses you.
Casting: Shock
Confirm with . or Enter, or press ? or * to list all spells.
Aiming: Shock
Press: ? - help, Shift-Dir - straight line, f - bullfrog
Aim: a bullfrog The zap hits the bullfrog.
The bullfrog is lightly wounded.
The bullfrog hits you. x2
Okay, then.
You swoop lightly up into the air.
You feel very comfortable in the air.
You feel somewhat more hungry. The bullfrog barely misses you.
The bullfrog hits you!
* * * LOW HITPOINT WARNING * * *
The bullfrog hits you!
You die...

≈≈≈≈≈≈≈≈≈≈≈≈≈≈≈≈≈≈≈≈≈≈≈≈≈≈..#
≈≈≈≈≈≈≈≈≈≈≈≈≈≈≈≈≈≈≈≈≈≈≈≈≈≈≈.#
≈≈≈≈≈≈≈≈≈≈≈≈≈≈≈≈≈≈≈≈≈≈≈≈≈≈≈.#
≈..........≈≈≈≈≈≈≈≈≈≈..≈≈≈≈.#
#######≈≈≈≈≈≈≈≈≈≈≈≈≈≈≈≈.≈≈≈.#
# #≈≈≈≈≈≈≈≈≈≈≈≈≈≈≈≈≈≈.≈≈≈≈# #
#≈≈≈≈≈≈≈≈≈≈≈≈≈≈≈≈≈≈≈≈≈≈.# #
#≈≈≈≈≈≈≈≈≈≈≈F≈≈≈≈≈≈≈≈≈≈≈≈# #
#≈≈≈≈≈≈≈≈?≈.F@≈≈≈≈≈≈≈≈≈≈≈# #
#≈≈≈≈≈≈.$($≈..≈≈≈≈≈≈≈≈≈≈.# #
#≈≈≈≈≈≈../.≈.≈..≈≈≈≈≈≈≈≈.# #
#≈≈≈≈≈≈≈≈.≈≈...≈≈≈≈≈≈≈≈≈≈# #
##≈≈≈≈≈≈≈≈≈≈≈≈∩≈≈≈≈#≈≈≈≈≈# #
##≈≈≈≈≈≈≈≈≈≈≈≈≈≈≈##≈≈≈≈.# #
#≈≈≈≈≈≈≈≈≈≈≈≈####≈≈≈≈.# #
####≈≈≈≈≈≈#### #≈≈≈≈.# #
######## #.≈≈≈.#


You could see 2 bullfrogs.

Vanquished Creatures
  3 adders
  An ooze (D:2)
  A dart slug (D:1)
  3 leopard geckos
  10 orcs (D:3)
  2 bats
  6 giant cockroaches
  6 goblins
  5 hobgoblins
  8 jackals (D:1)
  14 kobolds
  A quokka (D:2)
  4 ball pythons
  12 frilled lizards
  6 rats
82 creatures vanquished.

Notes
Turn   | Place    | Note
-------+----------+-------------------------------------------
     0 | D:1      | Magnus the Tengu Air Elementalist began the quest for the Orb.
     0 | D:1      | Reached XP level 1. HP: 10/10 MP: 4/4
   178 | D:1      | Reached XP level 2. HP: 15/15 MP: 3/6
   575 | D:1      | Reached XP level 3. HP: 19/19 MP: 3/7
  1325 | D:2      | Reached XP level 4. HP: 24/24 MP: 7/9
  1847 | D:3      | Reached skill level 5 in Air Magic
  1943 | D:3      | Learned a level 2 spell: Repel Missiles
  1947 | D:3      | Learned a level 2 spell: Swiftness
  2103 | D:3      | Found a glowing drain.
  2107 | Sewer    | Entered a sewer
  2317 | Sewer    | Gained mutation: You can fly. [Tengu growth]
  2317 | Sewer    | Reached XP level 5. HP: 28/28 MP: 4/10
  2606 | Sewer    | Mangled by a bullfrog

Skill      XL: |  1  2  3  4  5 |
---------------+----------------+-----
Conjurations   | 2 3 4 |  4.0
Air Magic      | 5 |  5.4
Spellcasting   | 3 |  3.0
Dodging        | |  2.1
Stealth        | |  2.0

Action                   |  1- 3 |  4- 6 || total
-------------------------+-------+-------++-------
Melee: Unarmed           |     8 |     2 ||    10
       Kick              |     3 |       ||     3
 Cast: Shock             |    67 |    82 ||   149
       Repel Missiles    |       |     1 ||     1
 Abil: Fly               |       |     1 ||     1
  Eat: Chunk             |     1 |     5 ||     6
Armor: Robe              |     4 |     4 ||     8
Dodge: Dodged            |     6 |    28 ||    34
